 Dungeon Crawl Stone Soup version 0.23.2-30-g0e89c35649 (webtiles) character file.

Game seed: 2117428855324775429

2023 colophon the Covert (level 9, -1/54 HPs)
             Began as a Kobold Enchanter on June 10, 2019.
             Was a Believer of Okawaru.
             Slain by Pikel
             ... wielding a +2 whip of freezing
              (7 damage)
             ... on level 6 of the Dungeon.
             The game lasted 00:49:11 (10663 turns).

colophon the Covert (Kobold Enchanter)             Turns: 10663, Time: 00:49:12

Health: -1/54      AC:  4    Str:  6    XL:     9   Next: 47%
Magic:  1/15       EV: 19    Int: 17    God:    Okawaru [**....]
Gold:   396        SH:  0    Dex: 17    Spells: 10/16 levels left

rFire    . . .     SeeInvis .   l - +3 short sword (speed)
rCold    . . .     Gourm    .   (shield restricted)
rNeg     . . .     Faith    .   b - +0 robe
rPois    .         Spirit   .   (no helmet)
rElec    .         Reflect  .   x - +1 cloak
rCorr    .         Harm     .   (no gloves)
MR       .....                  (no boots)
Stlth    ++++......             (no amulet)
HPRegen  0.18/turn              (no ring)
MPRegen  0.14/turn              (no ring)

@: very slightly contaminated, lightly drained
A: small, carnivore
a: Heroism, Renounce Religion


You were on level 6 of the Dungeon.
You worshipped Okawaru.
Okawaru was pleased with you.
You were very full.

You visited 2 branches of the dungeon, and saw 8 of its levels.

You collected 396 gold pieces.

Inventory:

Hand Weapons
 l - a +3 short sword of speed (weapon)
 B - a +2 dagger of venom
 G - a +2 dagger of draining
Missiles
 p - 32 bolts
Armour
 b - a +0 robe (worn)
 n - a +0 pair of boots
 w - a cursed +0 pair of gloves
 x - a +1 cloak (worn)
Jewellery
 s - an uncursed ring of flight {unknown}
 v - a +2 ring of intelligence {unknown}
 y - an uncursed ring of flight {unknown}
Wands
 E - a wand of scattershot (6)
Scrolls
 a - 2 scrolls of random uselessness {unknown}
 c - a scroll of enchant armour {unknown}
 e - 2 scrolls of enchant weapon {unknown}
 h - 13 scrolls of identify
 k - 2 scrolls of teleportation {unknown}
 m - a scroll of blinking {unknown}
 o - 2 scrolls of magic mapping {unknown}
 q - 2 scrolls of fear {unknown}
 r - 2 scrolls of remove curse {unknown}
 u - a scroll of fog {unknown}
Potions
 f - 2 potions of ambrosia {unknown}
 g - a potion of agility {unknown}
 i - 2 potions of mutation
 j - a potion of flight {unknown}
 t - 2 potions of haste {unknown}
 A - 2 potions of cancellation {unknown}
 C - a potion of heal wounds {unknown}
 D - 2 potions of might {unknown}
Comestibles
 d - 9 rations
 F - 3 chunks of flesh


   Skills:
 + Level 5.5(5.3) Fighting
 + Level 7.0(6.7) Short Blades
 + Level 6.8(6.5) Dodging
 + Level 8.5(8.2) Stealth
 - Level 4.1(3.9) Spellcasting
 + Level 3.9(3.7) Hexes
 - Level 2.5(2.3) Ice Magic


You had 10 spell levels left.
You knew the following spells:

 Your Spells              Type           Power        Failure   Level  Hunger
a - Corona                Hex            ###....      3%          1    None
b - Ensorcelled Hibernat  Hex/Ice        ##....       7%          2    ##.....
c - Confuse               Hex            ###.....     11%         3    ###....

Your spell library contained the following spells:

 Spells                   Type           Power        Failure   Level  Hunger
 Tukima's Dance           Hex            ###.....     11%         3    ###....
 Dazzling Spray           Conj/Hex       #.....       22%         3    ###....


Dungeon Overview and Level Annotations

Branches:
Dungeon (7/15)             Temple (1/1) D:5

Altars:
Dithmenos
Gozag
Kikubaaqudgha
Nemelex Xobeh
Okawaru
Qazlal
Trog
Uskayaw
Vehumet
Yredelemnul
The Shining One

Annotations:
D:6 Pikel


Innate Abilities, Weirdness & Mutations

You are small and have problems with some larger weapons.
You are carnivorous and can eat meat at any time.


Message History

Pikel freezes you.
* * * LOW HITPOINT WARNING * * *
You hit Pikel but do no damage.
Pikel is lightly wounded.
You hit Pikel but do no damage.
Pikel is lightly wounded.
Pikel hits you with a +2 whip of freezing!
* * * LOW HITPOINT WARNING * * *
Pikel freezes you.
* * * LOW HITPOINT WARNING * * *
You feel better. Pikel misses you.
Casting: Ensorcelled Hibernation (safe; 7% risk of failure)
Confirm with . or Enter, or press ? or * to list all spells.
Aiming: Ensorcelled Hibernation (safe; 7% risk of failure)
Press: ? - help, Shift-Dir - straight line, f - Pikel
Aim: Pikel, wielding a +2 whip of freezing, wearing a +2 robe of magic resistance and carrying a wand of iceblast (6) (lightly wounded, chance to defeat MR: 14%) Pikel resists with almost no effort.
Pikel says, "You'll fetch a fair price!"
Pikel hits you with a +2 whip of freezing!
You die...

...## #.##................#..##
##..# ##.##.............>#......
##)####..##.....)........#......
#.))##.###.........#....#......
###....######..#........#......
#...........[....##.....#..####
########....<[.[..####.#.##..#.#.
.## ###..##...## #...##..##.#
..## ##....[@[# #...#####.#.
...### #####.K[####.#..# ##..
..รท).##
######...>........####..#
...#..###.........####....##...##
...##...#....................#..#
...)..............###..##.#####..
..#####.....[.....##..###..# #.#.
.## ##......#.###..## ##.# ##.#
## ######........#####.# #.#.


You could see Pikel.

Vanquished Creatures
  Grinder (D:6)
  Eustachio (D:6)
  Duvessa (D:5)
  A water moccasin (D:6)
  3 slaves (D:6)
  A wyvern zombie (D:6)
  2 bullfrogs (D:5)
  A gnoll sergeant (D:6)
  2 scorpions
  A wyvern skeleton (D:6)
  Dowan (D:6)
  3 howler monkeys
  A crimson imp (D:5)
  A bullfrog zombie (D:6)
  3 hounds
  5 orc priests
  Crazy Yiuf (D:4)
  4 orc wizards
  7 worker ants
  8 gnolls
  8 adders
  2 worms (D:2)
  An adder skeleton (D:4)
  2 dart slugs
  3 leopard geckos
  21 orcs
  A ball python (D:4)
  3 giant cockroaches
  2 gnoll zombies (D:2)
  12 goblins
  12 hobgoblins
  18 jackals
  7 kobolds
  6 bats
  12 frilled lizards
  A leopard gecko skeleton (D:4)
  5 rats
164 creatures vanquished.

Notes
Turn   | Place    | Note
-------+----------+-------------------------------------------
     0 | D:1      | colophon the Kobold Enchanter began the quest for the Orb.
     0 | D:1      | Reached XP level 1. HP: 10/10 MP: 3/3
    98 | D:1      | Reached XP level 2. HP: 16/16 MP: 0/5
   104 | D:1      | Learned a level 2 spell: Ensorcelled Hibernation
   771 | D:1      | Reached XP level 3. HP: 19/20 MP: 0/6
   963 | D:2      | Reached skill level 1 in Fighting
  1357 | D:2      | Learned a level 3 spell: Confuse
  1461 | D:2      | Found a basalt altar of Yredelemnul.
  1629 | D:2      | Reached XP level 4. HP: 25/25 MP: 8/8
  1996 | D:2      | Found a sparkling altar of Nemelex Xobeh.
  2955 | D:3      | Reached XP level 5. HP: 30/30 MP: 6/9
  3437 | D:3      | Reached skill level 5 in Stealth
  3578 | D:3      | Found a shadowy altar of Dithmenos.
  4064 | D:4      | Reached XP level 6. HP: 28/35 MP: 5/10
  4463 | D:3      | Reached skill level 1 in Ice Magic
  4648 | D:3      | HP: 1/36 [gnoll/+0 flail (9)]
  5077 | D:4      | Reached XP level 7. HP: 40/40 MP: 8/11
  5453 | D:4      | Found a glowing golden altar of the Shining One.
  5476 | D:4      | Reached skill level 6 in Stealth
  5713 | D:4      | Found a runed translucent door.
  5714 | D:4      | Noticed Crazy Yiuf
  5722 | D:4      | Killed Crazy Yiuf
  6225 | D:5      | Entered Level 5 of the Dungeon
  6240 | D:5      | Found a staircase to the Ecumenical Temple.
  6264 | Temple   | Entered the Ecumenical Temple
  6329 | Temple   | Became a worshipper of Warmaster Okawaru
  7110 | D:5      | Reached skill level 5 in Dodging
  7160 | D:5      | Reached XP level 8. HP: 40/48 MP: 9/12
  7211 | D:6      | Noticed Eustachio
  7217 | D:5      | Reached skill level 5 in Short Blades
  7262 | D:6      | Noticed Duvessa
  7262 | D:6      | Noticed Grinder
  7277 | D:6      | Noticed Dowan
  8146 | D:5      | Reached skill level 7 in Stealth
  8567 | D:6      | Killed Dowan
  9254 | D:6      | Killed Eustachio
  9254 | D:6      | Reached * piety under Okawaru
  9313 | D:5      | Killed Duvessa
  9313 | D:5      | Reached XP level 9. HP: 8/53 MP: 3/15
  9617 | D:6      | Killed Grinder
  9617 | D:6      | Reached skill level 5 in Fighting
  9617 | D:6      | Reached skill level 8 in Stealth
 10070 | D:6      | Found a radiant altar of Vehumet.
 10270 | D:6      | Reached ** piety under Okawaru
 10407 | D:7      | Noticed Pikel
 10661 | D:6      | HP: 2/54 [Pikel/+2 whip of freezing (7)]
 10663 | D:6      | Slain by Pikel

Skill      XL: |  1  2  3  4  5  6  7  8  9 |
---------------+----------------------------+-----
Short Blades   | 2 3 4 6 7 |  7.0
Fighting       | 1 2 3 4 5 |  5.5
Dodging        | 3 4 5 6 |  6.8
Spellcasting   | 3 4 |  4.1
Stealth        | 5 6 7 8 |  8.5
Ice Magic      | 1 2 |  2.5
Hexes          | |  3.9

Action                   |  1- 3 |  4- 6 |  7- 9 || total
-------------------------+-------+-------+-------++-------
Melee: Dagger            |    71 |     5 |    11 ||    87
       Short sword       |       |   131 |   165 ||   296
 Cast: Corona            |     3 |       |     5 ||     8
       Ensorcelled Hiber |    16 |    59 |   107 ||   182
       Confuse           |     1 |     2 |    12 ||    15
  Use: Scroll            |       |     3 |       ||     3
       Potion            |       |     1 |     2 ||     3
 Stab: Sleeping          |    16 |    45 |    53 ||   114
       Confused          |     1 |     1 |     7 ||     9
       Distracted        |       |       |     1 ||     1
  Eat: Chunk             |    12 |    14 |    23 ||    49
Armor: Robe              |     3 |    18 |    19 ||    40
Dodge: Dodged            |    41 |   111 |   234 ||   386
